AoeStats
← Paladin7532

MegaRandom

519940407Analyzed
2v2 RM · 7d ago on Nov 9, 2026· 34m 41s· 4 players
Game mode
Random Map
Map size
Medium (4 player)
Population
200
Speed
Normal
Resources
Standard
Victory
Conquest
Starting age
Dark Age
Ending age
Imperial Age
RankedLock teamsTeams togetherTeam positionsShared explorationLock speedFull tech treeHidden civsTurbo modeCheats
Victory
Defeat
🇩🇪 Mongols · Germany
1662
+13
🇹🇷 Khmer · Türkiye
1618
+14
vs
1599
-14
🇲🇽 Britons · Mexico
1574
-13
hK | triunFo
0:35 Loom
8:30 Feudal Age
10:27 Double-Bit Axe
11:04 Fletching
14:23 Town Watch
19:19 Horse Collar
21:02 Wheelbarrow
24:04 Castle Age
24:18 Crossbowman
25:04 Bodkin Arrow
25:10 Padded Archer Armor
28:05 Ballistics
28:03 Leather Archer Armor
28:10 Medium Warships
hK | TwisteR _ BlacK
0:36 Loom
10:18 Feudal Age
11:33 Town Watch
11:47 Town Watch
14:11 Castle Age
13:23 Bloodlines
13:21 Double-Bit Axe
14:10 Forging
14:33 Fishing Lines
17:17 Gold Mining
17:50 Scale Barding Armor
18:15 Medium Warships
30:08 Husbandry
30:32 Chain Barding Armor
32:43 Stone Mining
32:40 Light Cavalry
eXitDenDoc
0:33 Loom
0:37 Loom
9:53 Feudal Age
10:42 Double-Bit Axe
15:46 Castle Age
13:59 Fishing Lines
16:46 Bow Saw
16:37 Gillnets
16:51 Stone Mining
19:05 Medium Warships
19:00 Fletching
20:12 Gold Mining
22:23 Wheelbarrow
24:22 Padded Archer Armor
27:57 Hand Cart
27:27 Town Watch
28:50 Ballistics
29:26 Bodkin Arrow
29:57 Leather Archer Armor
33:36 Husbandry
33:49 Bloodlines
33:39 Husbandry
Paladin7532
0:30 Loom
9:38 Feudal Age
10:10 Double-Bit Axe
13:24 Horse Collar
15:01 Scale Barding Armor
21:13 Castle Age
19:59 Forging
20:01 Bloodlines
20:20 Gold Mining
22:20 Chain Barding Armor
22:09 Husbandry
22:24 Medium Warships
27:34 Wheelbarrow
27:29 Town Watch
28:27 Bow Saw
30:19 Fletching
Connection lost

Rejoining the realm…

Still unreachable

The connection could not be restored.

Session expired

The server has moved on; the page needs a fresh start.